 Dungeon Crawl Stone Soup version 0.30-a0-728-gc68057be0a (webtiles) character file.

Game seed: 10773076091075489129

382 Dittersdorf the Trooper (level 6, -1/40 HPs)
             Began as a Gargoyle Fighter on Jan 31, 2023.
             Slain by a gnoll
             ... wielding a +0 spear
             ... led by a gnoll bouda
              (6 damage)
             ... on level 4 of the Dungeon.
             The game lasted 00:03:35 (2796 turns).

Dittersdorf the Trooper (Gargoyle Fighter)          Turns: 2796, Time: 00:03:36

Health: -1/40      AC: 15    Str: 21    XL:     6   Next: 76%
Magic:  6/6        EV:  9    Int:  9    God:
Gold:   177        SH:  4    Dex:  9    Spells: 5/5 levels left

rFire   . . .      SeeInvis .    h - +2 mace (drain)
rCold   . . .      Faith    +    c - +0 buckler
rNeg    + . .      Spirit   .    b - +0 scale mail
rPois   ∞          Reflect  .    (no helmet)
rElec   +          Harm     .    q - +1 cloak {Will+}
rCorr   .          Rampage  .    (no gloves)
Will    +....                    g - +0 pair of boots Stlth
                                 t - amulet of faith
HPRegen 0.26/turn                (no ring)
MPRegen 0.10/turn                (no ring)

@: no status effects
A: sickness immunity, AC +4, negative energy resistance 1, electricity
resistance, torment resistance 1, petrification resistance
a: no special abilities


You were on level 4 of the Dungeon.
You visited 1 branch of the dungeon, and saw 4 of its levels.

You collected 177 gold pieces.

Inventory:

Hand Weapons
 a - a +0 flail
 h - a +2 mace of draining (weapon)
Armour
 b - a +0 scale mail (worn)
 c - a +0 buckler (worn)
 g - a +0 pair of boots (worn)
 q - a +1 cloak of willpower (worn)
Jewellery
 t - an amulet of faith (around neck)
Scrolls
 e - a scroll of blinking
 i - 2 scrolls of teleportation
 k - a scroll of enchant armour
Potions
 d - 2 potions of might
 f - 2 potions of curing
 j - 3 potions of mutation {unknown}
 l - a potion of haste {unknown}
 m - a potion of magic {unknown}
 n - a potion of ambrosia
 p - 3 potions of lignification {unknown}
 r - a potion of resistance


   Skills:
 + Level 4.9 Fighting
 + Level 3.8 Maces & Flails
 + Level 4.8 Armour
 + Level 4.9 Shields


You had 5 spell levels left.
You didn't know any spells.
Your spell library contained the following spells:

 Spells                   Type           Power      Damage    Failure   Level
 Sting                    Tmut/Pois      0%         1d3       80%         1
 Poisonous Vapours        Pois/Air       0%         N/A       90%         2
 Call Canine Familiar     Summ           0%         N/A       99%         3
 Portal Projectile        Hex/Tloc       0%         N/A       99%         3
 Leda's Liquefaction      Hex/Erth       0%         N/A       100%        4
 Olgreb's Toxic Radiance  Pois           0%         N/A       100%        4


Dungeon Overview and Level Annotations

Branches:
Dungeon (4/15)
 Temple: D:4-7

Altars:
Dithmenos
Vehumet
Xom

Shops:
D:1 [


Innate Abilities, Weirdness & Mutations

You are immune to sickness and miasma.
Your stone body is resilient. (AC +4)
You are immune to poison.
You resist negative energy. (rN+)
You are resistant to electric shocks. (rElec)
You are resistant to unholy torment.
You are immune to petrification.


Message History

You are too injured to fight recklessly!
You are too injured to fight recklessly!
You are too injured to fight recklessly!
You are too injured to fight recklessly!
You are too injured to fight recklessly!
You are too injured to fight recklessly!
You barely miss the gnoll.
The gnoll is severely wounded.
You block the gnoll's attack. x2; The gnoll hits you but does no damage.
You closely miss the gnoll.
The gnoll is severely wounded.
The gnoll hits you but does no damage. You block the gnoll's attack.
The gnoll hits you from afar with a +0 spear.
The gnoll barely misses you. x2
You barely miss the gnoll.
The gnoll is severely wounded.
The gnoll hits you but does no damage. x2; The gnoll hits you with a +0 club.
The gnoll closely misses you.
You hit the gnoll.
You kill the gnoll!
You block the gnoll's attack.
The gnoll hits you from afar with a +0 spear.
You block the gnoll's attack.
You hit the gnoll but do no damage.
The gnoll is moderately wounded.
The gnoll hits you from afar with a +0 spear.
* * * LOW HITPOINT WARNING * * *
The gnoll hits you from afar with a +0 spear.
* * * LOW HITPOINT WARNING * * *
The gnoll barely misses you. The gnoll hits you but does no damage.
You hit the gnoll.
The gnoll is almost dead.
The gnoll hits you but does no damage. You block the gnoll's attack.
The gnoll hits you but does no damage.
You hit the gnoll.
You kill the gnoll!
The gnoll hits you from afar with a +0 spear.
* * * LOW HITPOINT WARNING * * *
The gnoll hits you from afar with a +0 spear.
You die...

#. #.....#... #.
.....##.### . #.#
#....#.... .. ..
#..#.#.##. ...
#.####......##.
....
.[.....#.####.
.....
###...##....####
......###....#
###.....#
....JgS@..#..#
#.###.#
.....g#####..##
#.###†# .....
#...## #..##.#
....
#.#..####†##.#
...
#.........##.# ..
##.........##.# .
##.........†##..
##..##.#####.###.
##......#
###.###.


You could see 2 gnolls, an endoplasm and a ball python.

Vanquished Creatures
  4 crimson imps (D:3)
  A hound (D:4)
  A gnoll bouda (D:4)
  Crazy Yiuf (D:2)
  3 gnolls (D:4)
  4 adders
  A worm (D:2)
  3 dart slugs
  An orc (D:4)
  9 ball pythons
  11 endoplasms
  7 giant cockroaches
  6 goblins
  5 hobgoblins
  11 jackals
  3 quokkas
  6 bats
  3 frilled lizards
  5 kobolds
  10 rats
95 creatures vanquished.

Notes
Turn   | Place    | Note
-------+----------+-------------------------------------------
     0 | D:1      | Dittersdorf the Gargoyle Fighter began the quest for the
                  | Orb.
     0 | D:1      | Reached XP level 1. HP: 14/14 MP: 1/1
   103 | D:1      | Reached XP level 2. HP: 19/19 MP: 2/2
   193 | D:1      | Found Xaph's Antique Armour Emporium.
   397 | D:1      | Reached XP level 3. HP: 23/23 MP: 3/3
   526 | D:1      | Found a faded altar of an unknown god.
   930 | D:2      | Found a shadowy altar of Dithmenos.
  1068 | D:2      | Reached XP level 4. HP: 29/29 MP: 4/4
  1405 | D:2      | Found a runed translucent door.
  1406 | D:2      | Noticed Crazy Yiuf
  1511 | D:2      | Killed Crazy Yiuf
  1630 | D:3      | Found a radiant altar of Vehumet.
  1736 | D:3      | Reached XP level 5. HP: 33/33 MP: 5/5
  1879 | D:3      | Found a shimmering altar of Xom.
  1921 | D:3      | Reached XP level 6. HP: 39/39 MP: 6/6
  2796 | D:4      | Slain by a gnoll

Illustrated notes

Levels and vault maps discovered:
D:1:      dpeg_arrival_simpleton_b, layout_loops_ring, serial_shops,
          shop_statue, ebering_ecumenical_altar_sacrificial, minivault_14
D:2:      layout_basic, basic_altar, uniq_crazy_yiuf_cottage
D:3:      layout_loops_ring, nicolae_vehumet_radiance, led_xom_imps,
          kennysheep_cross_bottleneck
D:4:      layout_rooms, minmay_misc_feat_x

Skill      XL: |  1  2  3  4 |
---------------+-------------+-----
Fighting       | 4 |  4.9
Armour         | 4 |  4.8
Shields        | 4 |  4.9
Maces & Flails | 3 |  3.8

Action                     |  1- 3 |  4- 6 || total
---------------------------+-------+-------++-------
  Melee: Flail             |    40 |       ||    40
         Mace              |    68 |   169 ||   237
    Use: Scroll            |       |    11 ||    11
 Armour: Scale mail        |    55 |    89 ||   144
  Dodge: Dodged            |    40 |    89 ||   129
  Block: Buckler           |    30 |    42 ||    72

Table legend: (Time is in decaauts)
 A = Elapsed time spent in this place.
 B = Non-inter-level travel time spent in this place.
 C = Inter-level travel time spent in this place.
 D = Time resting spent in this place.
 E = Time spent auto-exploring this place.
 F = Levels seen in this place.
 G = Mean time per level.
                   A        B        C        D        E       F      G
               +--------+--------+--------+--------+--------+-----+--------+
         Total |   2882 |   2782 |    100 |    203 |   1903 |   4 |  720.5 |
       Dungeon |   2882 |   2782 |    100 |    203 |   1903 |   4 |  720.5 |
               +--------+--------+--------+--------+--------+-----+--------+

Top non-repeatable levels by time:
     D:3: 864 daAuts
     D:1: 813 daAuts
     D:2: 801 daAuts
     D:4: 403 daAuts
